 Dungeon Crawl Stone Soup version 0.16-a0-3667-g690a316 (webtiles) character file.

191 dprevitalli the Ruffian (level 5, -1/37 HPs)
             Began as a Bearkin Transmuter on Feb 14, 2015.
             Slain by a giant frog (3 damage)
             ... on level 4 of the Dungeon.
             The game lasted 00:11:52 (3576 turns).

dprevitalli the Ruffian (Bearkin Transmuter)        Turns: 3576, Time: 00:11:52

Health: -1/37      AC:  4    Str: 14    XL:     5   Next: 41%
Magic:  9/9        EV: 12    Int: 18    God:
Gold:   151        SH:  0    Dex: 12    Spells: 1 memorised, 7 levels left

rFire  . . .     SeeInvis .       - Unarmed
rCold  . . .     Clarity  .     c - +0 robe
rNeg   . . .     SustAb   .     (no shield)
rPois  .         Gourm    .     (no helmet)
rElec  .         Spirit   .     (no cloak)
rCorr  .         Warding  .     (no gloves)
rMut   .         Stasis   .     i - +0 pair of boots
MR     .....                    (no amulet)
Stlth  +.........               g - ring of wizardry
                                h - ring of flight

@: brilliant, not resistant to hostile enchantments, very unstealthy
A: claws 1, fangs 1, shaggy fur 1, hind claws 1, cornered berserk
a: Cornered Berserk, Evoke Flight


You were on level 4 of the Dungeon.
You were not hungry.

You visited 1 branch of the dungeon, and saw 4 of its levels.

You collected 151 gold pieces.

Inventory:

Missiles
 b - 103 arrows
Armour
 c - a +0 robe (worn)
 i - a +0 pair of boots (worn)
Jewellery
 g - a ring of wizardry (right claw)
 h - a ring of flight (left claw)
 q - an uncursed amulet of regeneration {unknown}
Magical devices
 v - a wand of draining (4)
Scrolls
 e - 3 scrolls of identify {unknown}
 m - 2 scrolls of remove curse {unknown}
 o - a scroll of random uselessness {unknown}
Potions
 l - a potion of experience {unknown}
 n - a potion of lignification {unknown}
 p - a potion of agility {unknown}
 r - a potion of might {unknown}
 s - a potion of haste {unknown}
 w - a potion of curing {unknown}
Books
 d - a book of Changes

   Spells                             Type                      Level
   a - Beastly Appendage              Transmutation                1
   b - Sticks to Snakes               Transmutation                2
   c - Spider Form                    Transmutation/Poison         3
   d - Ice Form                       Ice/Transmutation            4
   e - Blade Hands                    Transmutation                5
Comestibles
 a - 5 bread rations
 f - a beef jerky
 t - a meat ration
 u - 2 chunks of flesh


   Skills:
 - Level 1.0 Fighting
 - Level 1.5 Dodging
 + Level 6.0 Unarmed Combat
 - Level 2.0 Spellcasting
 - Level 2.4 Transmutations


You had 7 spell levels left.
You knew the following spells:

 Your Spells              Type           Power        Failure   Level  Hunger
a - Beastly Appendage     Trmt           ###...       1%          1    #......


Dungeon Overview and Level Annotations

Branches:
Dungeon (4/15)
 Temple: D:4-7

Altars:
Trog
Yredelemnul


Innate Abilities, Weirdness & Mutations

You have sharp fingernails.
You have very sharp teeth.
You are covered in fur (AC +1).
Your hind legs have claws.
You can berserk when greatly wounded.


Message History

The giant frog hits you but does no damage. x2
You scratch the giant frog.
The giant frog begins to bleed from its wounds!
The giant frog is moderately wounded.
The giant frog hits you.
You scratch the giant frog.
Your hind claws misses the giant frog.
The giant frog is heavily wounded.
The giant frog hits you!
* * * LOW HITPOINT WARNING * * *
The giant frog hits you.
* * * LOW HITPOINT WARNING * * *
Drink which item? (? for menu, Esc to quit)
It was a potion of brilliance.
You feel clever all of a sudden. The giant frog hits you.
* * * LOW HITPOINT WARNING * * *
Drink which item? (? for menu, Esc to quit)
It was a potion of restore abilities.
You feel refreshed. The giant frog hits you.
You die...

##.# #.# . ...# #.# #. #..#
#.######.. #..# #..>.....#
#..# ##..# #.# #..###.).#
#.# #........#####.##
#.##.....)......########..#
#.###........<#.@F....w...#
..# ##.######...#l#####....
#.# #.# #####.# .. #.# #.#
#. #.# #.# . #.. #.# # #.#
#.# #..


You could see a worm, a giant frog (bleeding) and a giant gecko.

Vanquished Creatures
  An orc priest (D:3)
  An orc wizard (D:3)
  2 adders (D:3)
  5 worms
  An ooze (D:3)
  6 orcs (D:3)
  10 bats
  5 hobgoblins
  8 jackals
  A quokka (D:3)
  4 giant cockroaches
  4 giant geckos
  13 goblins
  9 kobolds
  8 rats
78 creatures vanquished.

Notes
Turn   | Place    | Note
--------------------------------------------------------------
     0 | D:1      | dprevitalli, the Bearkin Transmuter, began the quest for the Orb.
     0 | D:1      | Reached XP level 1. HP: 15/15 MP: 3/3
   269 | D:1      | Reached XP level 2. HP: 21/21 MP: 4/4
  1199 | D:2      | Reached skill level 4 in Unarmed Combat
  1204 | D:2      | Found a bloodstained altar of Trog.
  1233 | D:2      | Reached XP level 3. HP: 9/26 MP: 6/6
  2334 | D:2      | Gained mutation: You have very sharp teeth. [bearkin transformation]
  2334 | D:2      | Reached XP level 4. HP: 29/32 MP: 7/7
  2384 | D:3      | Found a basalt altar of Yredelemnul.
  2576 | D:3      | Reached skill level 5 in Unarmed Combat
  2770 | D:3      | Reached XP level 5. HP: 24/37 MP: 9/9
  3370 | D:3      | Reached skill level 6 in Unarmed Combat
  3575 | D:4      | HP: 1/37 [giant frog (1)]
  3576 | D:4      | Slain by a giant frog

Action                   |  1- 3 |  4- 6 || total
-------------------------+-------+-------++-------
Melee: Unarmed           |   156 |   123 ||   279
  Use: Potion            |       |     2 ||     2
 Stab: Sleeping          |     1 |       ||     1
  Eat: Chunk             |     4 |     5 ||     9
